Map: Automaton LE

Players

Shagrath - Winner!

  • Race: Zerg Zerg
  • League: Platinum
  • Spawn Location: 9:00

A.I. 1 (Very Easy)

  • Race: Protoss Protoss
  • Spawn Location: 3:00

VOD

Have the link to the VOD?

Description

Time

  • Played on: May 4, 2019, 3:31 p.m.
  • Length: 4:57
Show
View Real Time Build Order
Export as new Build Order

Shagrath Zerg - Winner!

Build Orders: Pool Only 

Get SALT Encoding   

  12  0:00  Drone  
  13  0:12  Drone, Extractor  
  13  0:30  Spawning Pool  
  13  0:35  Drone  
  13  0:40  Drone  
  14  0:50  Overlord  
  14  1:16  Zergling x6  
  17  1:20  Queen  
  19  1:31  Metabolic Boost  
  19  1:35  Zergling x2  
  19  1:39  Zergling x2  
  21  1:49  Zergling x2  
  22  1:59  Lair  
  22  2:10  Overlord  
  22  2:29  Zergling x4  
  24  2:31  Zergling x4  
  24  2:33  Zergling x2  
  27  2:37  Zergling x2  
  28  2:47  Zergling x2  
  29  2:58  Nydus Network  
  28  3:05  Zergling x2  
  29  3:14  Overlord  
  29  3:19  Zergling x2  
  30  3:32  Zergling x4  
  32  3:39  Nydus Canal  
  32  3:45  Zergling x4  
  34  3:50  Zergling x2  
  34  4:08  Zergling x2  
  34  4:09  Zergling x4  
  37  4:17  Zergling x4  
Show
View Real Time Build Order
Export as new Build Order

A.I. 1 (Very Easy) Protoss 

Build Orders:  

Get SALT Encoding   

  12  0:00  Probe  
  13  0:13  Probe  
  14  0:21  Pylon  
  14  0:38  Assimilator  
  14  0:44  Gateway  
  14  0:47  Pylon  
  14  1:15  Assimilator  
  14  1:19  Probe  
  15  1:27  Probe  
  16  1:35  Cybernetics Core, Probe  
  17  1:45  Probe  
  18  1:56  Probe  
  18  2:01  Warp Gate  
  19  2:05  Probe  
  19  2:12  Stalker  
  22  3:57  Stalker  
  22  3:59  Probe  
  22  4:02  Pylon  
  19  4:08  Probe  
  18  4:16  Probe  
  2  4:25  Probe  
  3  4:42  Pylon  
Tags
 
League
Platinum
Matchup
PvZ
Opening
Pool Only
Spawn Locations
Cross Positions
Add a new tag
Caveats
  • Supply blocks, unpowered buildings, or Contaminate may cause inaccurate times.
  • Supply counts are checked every 10 seconds.